 Dungeon Crawl Stone Soup version 0.28.0 (webtiles) character file.

Game seed: 16954508206621558004

5387 RighteousDevil the Impaler (level 10, -11/79 HPs)
             Began as a Merfolk Gladiator on Feb 7, 2022.
             Was an Initiate of Yredelemnul.
             Mangled by a six-headed hydra (13 damage)
             ... on level 8 of the Dungeon.
             The game lasted 00:25:03 (12275 turns).

RighteousDevil the Impaler (Merfolk Gladiator)     Turns: 12275, Time: 00:25:04

Health: -11/79     AC:  8    Str: 17    XL:     10   Next: 66%
Magic:  0/13       EV: 15    Int: 13    God:    Yredelemnul [......]
Gold:   414        SH:  6    Dex: 16    Spells: 11/13 levels left

rFire   + . .      SeeInvis +   m - +2 trident
rCold   . . .      Faith    .   h - +3 buckler "Kerokam" {rF+ Will++ Regen+}
rNeg    . . .      Spirit   +   r - +0 acid dragon scales
rPois   .          Reflect  .   c - +0 helmet
rElec   .          Harm     .   (no cloak)
rCorr   +          Rampage  .   (no gloves)
Will    +++..                   e - +0 pair of boots
Stlth   +.........              s - amulet of guardian spirit
HPRegen 1.03/turn               o - +6 ring of intelligence
MPRegen 0.13/turn               l - ring of see invisible

@: no status effects
A: (nimble swimmer 2), mertail, clumsy 1, strong-willed 1
a: Renounce Religion, Recall Undead Harvest


You were on level 8 of the Dungeon.
You worshipped Yredelemnul.
Yredelemnul was noncommittal.
You visited 2 branches of the dungeon, and saw 10 of its levels.

You collected 414 gold pieces.

Inventory:

Hand Weapons
 m - a +2 trident (weapon)
Armour
 c - a +0 helmet (worn)
 e - a +0 pair of boots (worn)
 h - the +3 buckler "Kerokam" (worn) {rF+ Will++ Regen+}
   (You found it on level 9 of the Dungeon)

   rF:        It protects you from fire.
   Regen:     It increases your rate of health regeneration.
   Will:      It greatly increases your willpower.
 i - a +4 ring mail
 r - +0 acid dragon scales (worn)
Jewellery
 l - a ring of see invisible (right hand)
 o - a +6 ring of intelligence (left hand)
 s - an amulet of guardian spirit (around neck)
Wands
 g - a wand of polymorph (7)
Scrolls
 a - a scroll of identify
 b - 2 scrolls of fear
 p - a scroll of silence
 t - 3 scrolls of fog
 y - 2 scrolls of teleportation
Potions
 f - a potion of resistance
 k - a potion of lignification
 v - a potion of flight


   Skills:
 - Level 7.4 Fighting
 + Level 15.2 Polearms
 - Level 2.0 Throwing
 - Level 2.0 Armour
 - Level 8.3 Dodging
 - Level 2.0 Spellcasting
 + Level 3.6 Translocations
 + Level 4.7 Invocations


You had 11 spell levels left.
You knew the following spells:

 Your Spells              Type           Power      Damage    Failure   Level
a - Blink                 Tloc           20%        N/A       16%         2

Your spell library contained the following spells:

 Spells                   Type           Power      Damage    Failure   Level
 Gell's Gravitas          Tloc           10%        N/A       32%         3
 Lesser Beckoning         Tloc           10%        N/A       32%         3
 Teleport Other           Tloc           10%        N/A       32%         3
 Slow                     Hex            4%         N/A       43%         1
 Confusing Touch          Hex            1%         N/A       80%         3
 Ozocubu's Armour         Ice            1%         N/A       80%         3
 Vampiric Draining        Necr           1%         2d6       80%         3
 Manifold Assault         Tloc           10%        N/A       96%         5
 Metabolic Englaciation   Hex/Ice        0%         N/A       100%        5
 Simulacrum               Ice/Necr       0%         N/A       100%        6
 Storm Form               Tmut/Air       0%         N/A       100%        7


Dungeon Overview and Level Annotations

Branches:
Dungeon (9/15)             Temple (1/1) D:5
   Lair: D:8-11         Orc: D:9-12

Altars:
Ashenzari
Cheibriados
Dithmenos
Elyvilon
Fedhas
Gozag
Hepliaklqana
Kikubaaqudgha
Makhleb
Nemelex Xobeh
Okawaru
Qazlal
Ru
Sif Muna
Trog
Uskayaw
Vehumet
Wu Jian
Xom
Yredelemnul
Zin
The Shining One

Annotations:
D:3 3 runed translucent doors, RighteousDevil's ghost, amateur FoFi
D:5 1 runed translucent door, cbfl8's ghost, amateur MiDe


Innate Abilities, Weirdness & Mutations

((You are very nimble when in or above water. (Stealth+, EV+, Speed+++)))
Your lower body shifts to a powerful aquatic tail in water.
You are clumsy. (Dex -2)
You are strong-willed. (Will+)


Message History

Unknown command.
You hit the six-headed hydra. You tail-slap the six-headed hydra.
The six-headed hydra is severely wounded.
You block the six-headed hydra's attack.
The six-headed hydra bites you.
The six-headed hydra bites you but does no damage.
You block the six-headed hydra's attack.
The six-headed hydra bites you!
You block the six-headed hydra's attack.
You barely miss the six-headed hydra.
The six-headed hydra is severely wounded.
You hit the six-headed hydra.
The six-headed hydra is severely wounded.
The six-headed hydra misses you.
You block the six-headed hydra's attack.
The six-headed hydra misses you. The six-headed hydra bites you.
The six-headed hydra completely misses you.
The six-headed hydra barely misses you.
You are too injured to fight recklessly!
Unknown command.
You are too injured to fight recklessly!
You hit the six-headed hydra.
Your tail-slap misses the six-headed hydra.
The six-headed hydra is severely wounded.
You block the six-headed hydra's attack.
The six-headed hydra bites you! The six-headed hydra bites you. x2
You block the six-headed hydra's attack.
The six-headed hydra bites you!
* * * LOW HITPOINT WARNING * * *
Okay, then.
Your +0 pair of boots unmelds from your body.
As you read the scroll of fear, it crumbles to dust.
You assume a fearsome visage.
The six-headed hydra easily resists.
The six-headed hydra bites you!
* * * LOW HITPOINT WARNING * * *
The six-headed hydra misses you. The six-headed hydra bites you!
* * * LOW HITPOINT WARNING * * *
The six-headed hydra bites you!
You die...
Your body rises from the dead as a mindless zombie.

....................##
...................##
..................##
..................#
.#..###..........## ...##
###.?...)...# ..##
####.###..########
.###########..##.........##
##.............D@......##.#
......≈≈≈≈≈≈≈≈≈.........###
..≈≈.≈≈≈≈≈.≈≈≈≈≈≈...####.#
≈≈≈≈........≈≈.≈≈..## ###
≈≈....∩..∩....≈≈≈..#
≈≈≈≈≈......≈.≈≈≈...#
...≈≈≈≈≈≈≈.≈≈......#
.....≈≈≈≈≈≈≈.....### ####
##.................######..#


You could see a six-headed hydra.

Vanquished Creatures
  2 two-headed ogres
  Joseph (D:7)
  Maggie (D:7)
  A hornet (D:7)
  Sigmund (D:2)
  An acid dragon (D:8)
  A black bear (D:4)
  A hornet zombie (D:7)
  3 ice beasts (D:8)
  An orc warrior (D:5)
  3 ogres
  3 centaurs
  A wolf (D:8)
  A kobold brigand (D:8)
  A bullfrog (D:7)
  A wyvern zombie (D:7)
  A scorpion (D:5)
  Dowan (D:7)
  A water moccasin skeleton (D:4)
  6 wights
  3 howler monkeys
  2 electric eels (D:8)
  2 hounds
  A jelly (D:6)
  2 bullfrog zombies
  4 orc priests
  A centaur skeleton (D:7)
  An iguana (D:5)
  Terence (D:3)
  9 orc wizards
  3 gnolls (D:6)
  A howler monkey skeleton (D:6)
  A howler monkey zombie (D:5)
  8 adders
  A shadow imp (D:7)
  A white imp (D:7)
  2 ufetubi (D:8)
  4 worms
  7 dart slugs
  25 orcs
  5 ball pythons
  8 endoplasms
  2 giant cockroaches
  5 goblins
  10 hobgoblins
  2 jackals (D:1)
  10 kobolds
  5 quokkas
  4 bats
  2 frilled lizards
  7 rats
171 creatures vanquished.

Vanquished Creatures (collateral kills)
  A yak (D:8)
  Duvessa (D:7)
  An ice beast (D:8)
  An orc priest (D:6)
  An orc wizard (D:8)
  A gnoll (D:6)
  2 orcs
8 creatures vanquished.

Vanquished Creatures (others)
  A two-headed ogre zombie (D:8)
  A yak zombie (D:8)
  3 spectral ice beasts (D:8)
  2 centaur zombies
  A bullfrog zombie (D:7)
  A human zombie (D:7)
  An orc wizard (D:5)
  A howler monkey zombie (D:7)
  An electric eel zombie (D:8)
  2 elf zombies (D:7)
  A spectral shadow imp (D:7)
  A spectral white imp (D:7)
  A gnoll zombie (D:6)
  7 orc zombies
  A spectral ufetubus (D:8)
  2 fungi (D:4)
  A plant (D:4)
28 creatures vanquished.

Grand Total: 207 creatures vanquished

Notes
Turn   | Place    | Note
-------+----------+-------------------------------------------
     0 | D:1      | RighteousDevil the Merfolk Gladiator began the quest for
                  | the Orb.
     0 | D:1      | Reached XP level 1. HP: 16/16 MP: 1/1
   189 | D:1      | Reached skill level 5 in Polearms
   269 | D:1      | Reached XP level 2. HP: 22/22 MP: 2/2
   973 | D:1      | Reached skill level 6 in Polearms
   973 | D:1      | Reached XP level 3. HP: 27/27 MP: 3/3
  1548 | D:2      | Identified the +6 whip "Ahuin" {flame, *Slow rF+ Int+4
                  | Dex+2}
  1580 | D:2      | Noticed Sigmund
  1607 | D:2      | Killed Sigmund
  1608 | D:2      | Reached skill level 7 in Polearms
  1608 | D:2      | Reached skill level 1 in Armour
  1608 | D:2      | Reached XP level 4. HP: 19/35 MP: 4/4
  1608 | D:2      | Reached XP level 5. HP: 23/41 MP: 5/5
  1759 | D:2      | Learned a level 2 spell: Blink
  1910 | D:2      | Found a faded altar of an unknown god.
  2345 | D:3      | Reached XP level 6. HP: 47/47 MP: 6/6
  2351 | D:3      | Noticed Terence
  2365 | D:3      | Killed Terence
  2366 | D:3      | Reached skill level 8 in Polearms
  2576 | D:3      | Found a stormy altar of Qazlal.
  2607 | D:3      | Found a runed translucent gate.
  2608 | D:3      | Found a runed translucent gate.
  2609 | D:3      | Found a runed translucent gate.
  2610 | D:3      | Noticed RighteousDevil's ghost (amateur FoFi)
  3232 | D:4      | Found an opulent altar of Gozag.
  3753 | D:4      | Noticed a black bear
  3758 | D:4      | Killed a black bear
  3759 | D:4      | Reached skill level 9 in Polearms
  3759 | D:4      | Reached XP level 7. HP: 54/54 MP: 7/7
  3976 | D:3      | Found a sacrificial altar of Ru.
  4431 | D:3      | Found a snail-covered altar of Cheibriados.
  4783 | D:4      | Found a broken altar of Ashenzari.
  4787 | D:4      | Saw a vision of the Swamp and the Spider Nest.
  4787 | D:4      | Noticed a redback
  4787 | D:4      | Noticed a redback
  4787 | D:4      | Noticed a wolf spider
  4787 | D:4      | Noticed a redback
  4789 | D:4      | Noticed a wolf spider
  4789 | D:4      | Noticed a vampire mosquito
  4789 | D:4      | Noticed a vampire mosquito
  4790 | D:4      | Noticed a goliath frog
  4820 | D:5      | Entered Level 5 of the Dungeon
  4894 | D:5      | Reached skill level 10 in Polearms
  4894 | D:5      | Reached skill level 5 in Dodging
  5309 | D:5      | Reached XP level 8. HP: 60/61 MP: 8/8
  5320 | D:5      | Reached skill level 5 in Fighting
  5359 | D:5      | Found a runed translucent door.
  5362 | D:5      | Noticed cbfl8's ghost (amateur MiDe)
  5366 | D:5      | Found a staircase to the Ecumenical Temple.
  5381 | Temple   | Entered the Ecumenical Temple
  5623 | Temple   | Became a worshipper of Yredelemnul the Dark
  6071 | D:5      | Reached * piety under Yredelemnul
  6071 | D:5      | Reached skill level 11 in Polearms
  7590 | D:6      | Reached skill level 12 in Polearms
  7921 | D:7      | Reached XP level 9. HP: 69/69 MP: 9/9
  7954 | D:7      | Noticed Dowan
  7954 | D:7      | Noticed Duvessa
  7957 | D:7      | Killed Dowan
  7963 | D:7      | Killed Duvessa
  7968 | D:7      | Found an ornate altar of the Wu Jian Council.
  7980 | D:7      | Noticed Joseph
  7989 | D:7      | Your ally Dowan died
  7991 | D:7      | Your ally Duvessa died
  8003 | D:7      | Killed Joseph
  8004 | D:7      | Reached skill level 13 in Polearms
  8008 | D:7      | Your ally Joseph died
  8735 | D:7      | Found a shadowy altar of Dithmenos.
  8909 | D:7      | Noticed Maggie
  8933 | D:7      | Killed Maggie
  8934 | D:7      | Reached skill level 14 in Polearms
  9462 | D:8      | Reached skill level 1 in Invocations
  9479 | D:8      | Reached skill level 1 in Spellcasting
  9479 | D:8      | Reached skill level 1 in Translocations
  9743 | D:8      | Reached XP level 10. HP: 79/79 MP: 10/12
  9747 | D:8      | Noticed a two-headed ogre
  9761 | D:8      | Killed a two-headed ogre
 10031 | D:8      | Reached ** piety under Yredelemnul
 10408 | D:8      | Noticed a two-headed ogre
 10421 | D:8      | Gained mutation: You expend magic power (3 MP) to
                  | strengthen your wands. [potion of mutation]
 10421 | D:8      | Gained mutation: Your spells are a little easier to cast,
                  | but a little less powerful. [potion of mutation]
 10667 | D:7      | Lost mutation: Your spells are a little easier to cast, but
                  | a little less powerful. [potion of mutation]
 10667 | D:7      | Lost mutation: You expend magic power (3 MP) to strengthen
                  | your wands. [potion of mutation]
 10667 | D:7      | Gained mutation: You are clumsy. (Dex -2) [potion of
                  | mutation]
 10667 | D:7      | Gained mutation: You are strong-willed. (Will+) [potion of
                  | mutation]
 10840 | D:7      | Killed a two-headed ogre
 10841 | D:7      | Reached skill level 15 in Polearms
 11289 | D:8      | Noticed a six-headed hydra
 11694 | D:9      | Identified the +3 buckler "Kerokam" {rF+ Will++ Regen+}
 12275 | D:8      | HP: 2/79 [six-headed hydra (8)]
 12275 | D:8      | Mangled by a six-headed hydra

Illustrated notes

Levels and vault maps discovered:
D:1:      dpeg_arrival_renting, layout_loops_ring, hangedman_decor_riveting,
          kennysheep_minor_cross
D:2:      layout_basic, dilly_ecumenical_altar_fadedgnrine,
          hangedman_decor_peaks_small, minmay_pentomino_v2, uniq_sigmund
D:3:      minmay_razor_zed, layout_basic, lemuel_round_altar, marbit_many_paths,
          cheibriados_altar_1, gammafunk_ghost_necromancy, uniq_terence
D:4:      layout_loops_ring, mainiacjoe_overflow_brackets,
          grunt_ashenzari_visionary [grunt_ashenzari_visionary_swamp,
          grunt_ashenzari_visionary_spider]
D:5:      layout_rooms, minmay_temple_entry_stoned_glass,
          ebering_ghost_inner_flame, nrook_pool_corridor
D:6:      layout_basic
D:7:      layout_loops_ring, grunt_dithmenos_shadows, nzn_wu_jian_contemplation,
          grunt_ministairs_7, uniq_joseph, uniq_maggie, uniq_duvessa
D:8:      layout_layer_cave, serial_ice, serial_ice_i, serial_ice_c,
          serial_ice_n, serial_ice_a, minmay_quadrilaterals
D:9:      layout_basic, feat_on_display, uniq_erolcha
Temple:   regret_index_temple_generic_petals

Skill      XL: |  1  2  3  4  5  6  7  8  9 10 |
---------------+-------------------------------+-----
Polearms       | 5 6 7 9 10 12 14 15 | 15.2
Fighting       | 3 4 6 7 |  7.4
Armour         | 1 2 |  2.0
Dodging        | 5 6 8 |  8.3
Invocations    | 1 4 |  4.7
Spellcasting   | 1 2 |  2.0
Translocations | 1 3 |  3.6
Throwing       | |  2.0

Action                   |  1- 3 |  4- 6 |  7- 9 | 10-12 || total
-------------------------+-------+-------+-------+-------++-------
Melee: Trident           |   100 |   151 |   393 |    28 ||   672
       Punch             |       |     4 |     2 |       ||     6
       Glaive            |       |       |    26 |    46 ||    72
       Tailslap          |       |       |       |     1 ||     1
Throw: Throwing net      |     3 |     2 |     5 |       ||    10
Invok: Recall Undead Har |       |       |     1 |     1 ||     2
Evoke: Wand              |       |     1 |    15 |    13 ||    29
  Use: Scroll            |     2 |     6 |     7 |     6 ||    21
       Potion            |     1 |       |     4 |     8 ||    13
 Stab: Sleeping          |     1 |       |       |       ||     1
       Held in net/web   |     2 |       |     2 |       ||     4
Armor: Leather armour    |     5 |       |       |       ||     5
       Scale mail        |    14 |       |       |       ||    14
       Ring mail         |     2 |    41 |   115 |    18 ||   176
       Acid dragon scale |       |       |       |     9 ||     9
Dodge: Dodged            |    35 |    66 |   178 |    94 ||   373
Block: Buckler           |       |       |       |    13 ||    13
